 Dungeon Crawl Stone Soup version 0.30-a0-845-g7c6808c8ce (webtiles) character file.

Game seed: 6046149860211645846

40 cforsyth the Sneak (level 3, -1/22 HPs)
             Began as a Kobold Brigand on Mar 3, 2023.
             Slain by Sigmund
             ... wielding a +0 scythe
              (9 damage)
             ... on level 2 of the Dungeon.
             The game lasted 00:02:32 (1468 turns).

cforsyth the Sneak (Kobold Brigand)                 Turns: 1468, Time: 00:02:33

Health: -1/22      AC:  4    Str:  8    XL:     3   Next: 72%
Magic:  3/3        EV: 15    Int: 12    God:
Gold:   50         SH:  0    Dex: 18    Spells: 2/2 levels left

rFire   . . .      SeeInvis .    a - +2 dagger
rCold   . . .      Faith    .    (no shield)
rNeg    . . .      Spirit   .    b - +0 robe
rPois   .          Reflect  .    (no helmet)
rElec   .          Rampage  .    c - +0 cloak
rCorr   .                        m - +0 pair of gloves
Will    .....                    (no boots)
Stlth   ++++                     (no amulet)
HPRegen 0.23/turn                (no ring)
MPRegen 0.08/turn                (no ring)

@: no status effects
A: small, no large weapons, nightstalker 3
a: no special abilities


You were on level 2 of the Dungeon.
You visited 1 branch of the dungeon, and saw 2 of its levels.

You collected 50 gold pieces.

Inventory:

Hand Weapons
 a - a +2 dagger (weapon)
Missiles
 d - 13 poisoned darts (quivered)
 e - 3 curare-tipped darts
Armour
 b - a +0 robe (worn)
 c - a +0 cloak (worn)
 m - a +0 pair of gloves (worn)
Jewellery
 p - a ring of willpower
Scrolls
 h - a scroll of vulnerability {unknown}
 l - a scroll of identify {unknown}
 q - a scroll of teleportation {unknown}
 r - a scroll of amnesia {unknown}
Potions
 f - 2 potions of ambrosia {unknown}
 g - a potion of brilliance {unknown}
 i - 2 potions of lignification {unknown}
 j - a potion of resistance {unknown}
 k - a potion of might {unknown}
 n - a potion of haste {unknown}
 o - a potion of curing {unknown}


   Skills:
 + Level 2.8 Fighting
 + Level 3.3 Short Blades
 - Level 2.1 Throwing
 + Level 2.2 Dodging
 + Level 5.8 Stealth


You had 2 spell levels left.
You didn't know any spells.
Your spell library was empty.

Dungeon Overview and Level Annotations

Branches:
Dungeon (2/15)

Altars:

Annotations:
D:2 Sigmund


Innate Abilities, Weirdness & Mutations

You are small and have problems with some larger weapons.
You are completely attuned to the shadows.


Message History

You climb downwards.
Level annotation: Sigmund
There is a stone staircase leading up here.
Sigmund misses you.
You hit Sigmund.
Sigmund is lightly wounded.
You barely miss Sigmund.
Sigmund is lightly wounded.
Sigmund casts a spell at you. You resist with significant effort.
You closely miss Sigmund.
Sigmund is lightly wounded.
Sigmund hits you with a +0 scythe!
You hit Sigmund but do no damage.
Sigmund is lightly wounded.
You hit Sigmund.
Sigmund is lightly wounded.
Sigmund closely misses you.
You closely miss Sigmund.
Sigmund is lightly wounded.
You hit Sigmund but do no damage.
Sigmund is lightly wounded.
Sigmund closely misses you.
You hit Sigmund but do no damage.
Sigmund is lightly wounded.
Sigmund hits you but does no damage.
You closely miss Sigmund.
Sigmund is lightly wounded.
You hit Sigmund.
Sigmund is moderately wounded.
Sigmund giggles. "Time to reap what you sow."
Sigmund hits you with a +0 scythe!
You hit Sigmund.
Sigmund is moderately wounded.
Sigmund casts a spell.
Sigmund flickers and vanishes!
Deactivating autopickup; reactivate with Ctrl-A.
There is a stone staircase leading up here.
Something hits you!
You die...

#......{.#####..
#..............
#.......##...##
####'#####....#
#.######>..#
#.#......#.#
#{#.####.#.#
###.#.####.#.#
#..@.......#..
#.###.######
#.#.#.# #...#.#
###.#.# #.# ..
#.# ... #.# ###
#.# .


There were no monsters in sight!

Vanquished Creatures
  A dart slug (D:2)
  A ball python (D:1)
  8 endoplasms
  A giant cockroach (D:1)
  A goblin (D:1)
  2 hobgoblins (D:2)
  2 jackals (D:1)
  4 kobolds
  3 quokkas (D:1)
  2 bats (D:1)
  4 frilled lizards
  4 rats
33 creatures vanquished.

Notes
Turn   | Place    | Note
-------+----------+-------------------------------------------
     0 | D:1      | cforsyth the Kobold Brigand began the quest for the Orb.
     0 | D:1      | Reached XP level 1. HP: 12/12 MP: 1/1
   109 | D:1      | Reached XP level 2. HP: 18/18 MP: 2/2
   204 | D:1      | Found a faded altar of an unknown god.
   415 | D:1      | Reached XP level 3. HP: 22/22 MP: 3/3
  1250 | D:2      | Noticed Sigmund
  1468 | D:2      | Slain by Sigmund

Illustrated notes

Levels and vault maps discovered:
D:1:      psy_arrival_radial02, layout_basic,
          hellmonk_ecumenical_altar_leap_of_faith
D:2:      layout_basic, serial_shops, nicolae_shop_window_shopping,
          kennysheep_generic_room_16, uniq_terence, uniq_sigmund

Skill      XL: |  1  2  3 |
---------------+----------+-----
Short Blades   | 3 |  3.3
Dodging        | 2 |  2.2
Fighting       | |  2.8
Throwing       | |  2.1
Stealth        | |  5.8

Action                     || total
---------------------------++-------
  Melee: Dagger            ||   109
         Punch             ||     1
   Stab: Sleeping          ||    13
 Armour: Robe              ||    16
  Dodge: Dodged            ||    40

Table legend: (Time is in decaauts)
 A = Elapsed time spent in this place.
 B = Non-inter-level travel time spent in this place.
 C = Inter-level travel time spent in this place.
 D = Time resting spent in this place.
 E = Time spent auto-exploring this place.
 F = Levels seen in this place.
 G = Mean time per level.
                   A        B        C        D        E       F      G
               +--------+--------+--------+--------+--------+-----+--------+
         Total |   1452 |   1410 |     42 |    169 |   1005 |   2 |  726.0 |
       Dungeon |   1452 |   1410 |     42 |    169 |   1005 |   2 |  726.0 |
               +--------+--------+--------+--------+--------+-----+--------+

Top non-repeatable levels by time:
     D:1: 1101 daAuts
     D:2: 350 daAuts
